 Dungeon Crawl Stone Soup version 0.29.1-2-gbd0b4ee654 (webtiles) character file.

Game seed: 7171404224058910410

3078 GorkyZ the Trooper (level 9, 0/55 HPs)
             Began as a Gargoyle Gladiator on Nov 23, 2022.
             Was an Initiate of Gozag.
             Slain by a gnoll sergeant
             ... wielding a +0 halberd
              (2 damage)
             ... in a bailey.
             The game lasted 00:25:30 (7278 turns).

GorkyZ the Trooper (Gargoyle Gladiator)             Turns: 7278, Time: 00:25:31

Health: 0/55       AC: 23    Str: 32    XL:     9   Next: 89%
Magic:  9/9        EV: 12    Int:  8    God:    Gozag
Gold:   842        SH:  0    Dex: 14    Spells: 8/8 levels left

rFire   . . .      SeeInvis .   a - +1 war axe
rCold   . . .      Faith    .   (no shield)
rNeg    + + .      Spirit   .   q - +6 scale mail of Viurrec {rN+ Str+3 Dex+3}
rPois   ∞          Reflect  .   c - +0 helmet
rElec   +          Harm     .   I - +0 cloak
rCorr   .          Rampage  .   n - +0 pair of gloves
Will    .....                   (no boots)
Stlth   ..........              (no amulet)
HPRegen 0.18/turn               l - +4 ring of slaying
MPRegen 0.11/turn               y - +6 ring of strength

@: weakened, gold aura
A: sickness immunity, AC +6, negative energy resistance 1, electricity
resistance, torment resistance 1, petrification resistance
a: Renounce Religion, Potion Petition, Call Merchant, Bribe Branch


You were in a bailey.
You worshipped Gozag.
Gozag was pleased with you.
You visited 2 branches of the dungeon, and saw 8 of its levels.
You also visited: Bailey.

You collected 900 gold pieces.
You paid 58 gold pieces to Gozag.

Inventory:

Hand Weapons
 a - a +1 war axe (weapon)
Missiles
 d - a throwing net
 e - a javelin
 m - 46 stones
 r - 6 poisoned darts
Armour
 b - a +0 leather armour
 c - a +0 helmet (worn)
 h - a +0 chain mail
 n - a +0 pair of gloves (worn)
 q - the +6 scale mail of Viurrec (worn) {rN+ Str+3 Dex+3}
   (You found it on level 3 of the Dungeon)

   Str:       It affects your strength (+3).
   Dex:       It affects your dexterity (+3).
   rN:        It protects you from negative energy.
 x - a scarf of invisibility
 I - a +0 cloak (worn)
Jewellery
 l - a +4 ring of slaying (left hand)
 o - a ring of wizardry
 y - a +6 ring of strength (right hand)
 G - an amulet of reflection
Wands
 f - a wand of flame (4)
 s - a wand of roots (4) (quivered)
 K - a wand of polymorph (9)
Scrolls
 i - 3 scrolls of immolation
 u - 4 scrolls of enchant weapon
 A - a scroll of summoning {unknown}
 D - a scroll of silence {unknown}
 F - 4 scrolls of identify
 H - a scroll of blinking {unknown}
 L - a scroll of vulnerability {unknown}
Potions
 g - 4 potions of degeneration
 j - a potion of might
 p - a potion of flight
 v - a potion of invisibility
 z - a potion of haste {unknown}
 B - 2 potions of mutation {unknown}
 C - 2 potions of magic {unknown}
 E - a potion of berserk rage {unknown}
 J - a potion of curing {unknown}


   Skills:
 + Level 6.3 Fighting
 + Level 5.7 Axes
 + Level 5.2 Throwing
 + Level 5.8 Armour
 + Level 5.2 Dodging
 + Level 4.8 Evocations


You had 8 spell levels left.
You didn't know any spells.
Your spell library contained the following spells:

 Spells                   Type           Power      Damage    Failure   Level
 Poisonous Vapours        Pois/Air       0%         N/A       77%         2
 Summon Lightning Spire   Summ/Air       0%         N/A       100%        4
 Alistair's Intoxication  Tmut/Pois      0%         N/A       100%        5
 Borgnjor's Vile Clutch   Necr/Erth      0%         N/A       100%        5
 Eringya's Noxious Bog    Tmut/Pois      0%         N/A       100%        6
 Storm Form               Tmut/Air       0%         N/A       100%        7
 Maxwell's Capacitive Co  Air            0%         ∞         100%        8
 Corpse Rot               Necr/Pois/Air  Unusable   N/A       N/A         4

Dungeon Overview and Level Annotations

Branches:
Dungeon (7/15)             Temple (1/1) D:4          Bailey (1/1)

Altars:
Cheibriados
Dithmenos
Elyvilon
Fedhas
Gozag
Hepliaklqana
Nemelex Xobeh
Okawaru
Qazlal
Sif Muna
Vehumet
Wu Jian
Xom
Yredelemnul
The Shining One

Annotations:
D:7 2 transporters


Innate Abilities, Weirdness & Mutations

You are immune to sickness and miasma.
Your stone body is resilient. (AC +6)
You are immune to poison.
You resist negative energy. (rN+)
You are resistant to electric shocks. (rElec)
You are resistant to unholy torment.
You are immune to petrification.


Message History

The gnoll bouda is no longer moving quickly.
The gnoll sergeant hits you but does no damage.
The gnoll bouda gazes fiercely through you!
You feel your attacks grow feeble.
The gnoll sergeant hits you from afar with a +0 halberd.
The gnoll sergeant misses you. The gnoll hits you but does no damage.
The gnoll bouda gazes fiercely through you!
You feel as though you will be weak longer.
The gnoll barely misses you.
You hit the gnoll sergeant but do no damage.
The gnoll sergeant is moderately wounded.
You barely miss the gnoll.
The gnoll sergeant hits you from afar with a +0 halberd!
The gnoll sergeant hits you from afar with a +0 glaive!
* * * LOW HITPOINT WARNING * * *
The gnoll sergeant hits you with a +0 halberd.
* * * LOW HITPOINT WARNING * * *
The gnoll throws a throwing net.
The throwing net barely misses you.
Okay, then.
As you read the scroll labelled GEOT CEYLAUKA, it crumbles to dust.
The creatures around you are filled with an inner flame!
It was a scroll of immolation.
The gnoll sergeant barely misses you.
The gnoll sergeant hits you but does no damage. x2
The gnoll closely misses you.
Unknown command.
As you read the scroll labelled MUS PAICHE, it crumbles to dust.
It is a scroll of enchant weapon.
Your +0 war axe glows red for a moment.
The gnoll sergeant closely misses you.
The gnoll sergeant hits you from afar with a +0 glaive.
* * * LOW HITPOINT WARNING * * *
The gnoll sergeant barely misses you. The gnoll hits you but does no damage.
The gnoll bouda hits you with a +0 spear.
* * * LOW HITPOINT WARNING * * *
As you read the scroll labelled ZOKIWO CAMY, it crumbles to dust.
It is a scroll of amnesia.
You feel forgetful for a moment.
The gnoll is no longer moving quickly.
The gnoll sergeant is no longer moving quickly.
The gnoll sergeant hits you from afar with a +0 halberd.
You die...
Your body crumbles into a pile of gold.

♣≈ #...#
≈♣ ♣≈
##☼## ♣≈
##§§§##
♣≈
##§§○§§##
♣≈
#○○§○§§§#
♣≈
#○§☼8○§☼#
#○§§☼§§§#
##☼g§§°##
##@gg##
##g##
.gg#


.gggg #..○#§. #.§§#### §☼☼ ... You could see 5 gnoll sergeants, 2 gnoll boudas
and 3 gnolls.

Vanquished Creatures
  Grinder (D:3)
  Prince Ribbit (D:6)
  Sigmund (D:6)
  Eustachio (D:5)
  2 black bears (D:4)
  An ice beast (D:5)
  2 sky beasts (D:6)
  A centaur (D:6)
  A wolf (Bailey)
  2 ogres
  Blork the orc (D:6)
  A bullfrog (D:5)
  2 gnoll sergeants (Bailey)
  A necrophage (D:6)
  3 wights (D:7)
  2 howler monkeys
  4 hounds
  2 orc priests
  2 jellies
  Crazy Yiuf (D:6)
  Jessica (D:2)
  A gnoll bouda (Bailey)
  Ijyb (D:3)
  10 iguanas
  4 orc wizards
  18 gnolls
  5 adders
  2 shadow imps
  2 white imps (D:7)
  An ufetubus (D:5)
  A worm (D:2)
  2 dart slugs
  19 orcs
  4 endoplasms
  7 giant cockroaches
  6 hobgoblins
  6 jackals
  8 kobolds
  6 quokkas
  6 ball pythons
  5 bats
  3 frilled lizards
  7 goblins
  6 rats
163 creatures vanquished.

Notes
Turn   | Place    | Note
-------+----------+-------------------------------------------
     0 | D:1      | GorkyZ the Gargoyle Gladiator began the quest for the Orb.
     0 | D:1      | Reached XP level 1. HP: 12/12 MP: 1/1
   150 | D:1      | Reached XP level 2. HP: 9/18 MP: 2/2
   768 | D:1      | Reached skill level 1 in Armour
   918 | D:2      | Reached XP level 3. HP: 22/22 MP: 3/3
  1091 | D:2      | Noticed Jessica
  1105 | D:2      | HP: 1/22 [Jessica/nerve-wracking pain (6)]
  1111 | D:2      | Killed Jessica
  1112 | D:2      | Reached skill level 1 in Evocations
  1112 | D:2      | Reached XP level 4. HP: 1/27 MP: 4/4
  1678 | D:2      | Found a faded altar of an unknown god.
  2180 | D:2      | Reached skill level 3 in Fighting
  2180 | D:2      | Reached XP level 5. HP: 17/32 MP: 5/5
  2451 | D:3      | Found a sparkling altar of Nemelex Xobeh.
  2490 | D:3      | Noticed Grinder
  2511 | D:3      | Killed Grinder
  2512 | D:3      | Reached XP level 6. HP: 4/37 MP: 6/6
  3055 | D:3      | Identified the +5 mace of Ru's Supremacy {holy, Dex+5}
  3072 | D:3      | Identified the +6 scale mail of Viurrec {rN+ Str+3 Dex+3}
  3206 | D:3      | Noticed Ijyb
  3213 | D:3      | Killed Ijyb
  3531 | D:4      | Noticed a black bear
  3541 | D:4      | Killed a black bear
  3542 | D:4      | Reached XP level 7. HP: 42/42 MP: 7/7
  3580 | D:4      | Reached skill level 4 in Fighting
  3612 | D:4      | Found a staircase to the Ecumenical Temple.
  3626 | Temple   | Entered the Ecumenical Temple
  3724 | Temple   | Became a worshipper of Gozag Ym Sagoz the Greedy
  4556 | D:5      | Entered Level 5 of the Dungeon
  4579 | D:5      | Reached XP level 8. HP: 48/48 MP: 8/8
  4758 | D:5      | Found a glowing golden altar of the Shining One.
  5162 | D:5      | Found a shadowy altar of Dithmenos.
  5201 | D:5      | Noticed Eustachio
  5209 | D:5      | Killed Eustachio
  5467 | D:5      | Reached skill level 5 in Fighting
  5573 | D:6      | Reached skill level 5 in Axes
  5575 | D:6      | Reached XP level 9. HP: 38/54 MP: 9/9
  6130 | D:6      | Noticed Blork the orc
  6135 | D:6      | Killed Blork the orc
  6136 | D:6      | Reached skill level 5 in Armour
  6327 | D:6      | Noticed Sigmund
  6339 | D:6      | Killed Sigmund
  6390 | D:6      | Found a runed translucent door.
  6391 | D:6      | Noticed Crazy Yiuf
  6396 | D:6      | Killed Crazy Yiuf
  6490 | D:6      | Noticed Prince Ribbit
  6501 | D:6      | Killed Prince Ribbit
  6792 | D:7      | Found a transporter.
  6840 | D:7      | Found a transporter.
  6918 | D:7      | Reached skill level 6 in Fighting
  6919 | D:7      | Reached skill level 5 in Throwing
  6919 | D:7      | Reached skill level 5 in Dodging
  7130 | D:7      | Found a flagged portal.
  7160 | Bailey   | Entered a bailey
  7277 | Bailey   | HP: 2/55 [gnoll bouda/+0 spear (6)]
  7278 | Bailey   | Slain by a gnoll sergeant

Illustrated notes

Levels and vault maps discovered:
D:1:      erik_arrival_orb_chamber, layout_basic
D:2:      minmay_angry_zag, layout_basic, shapermc_ecumenical_altar_notcrosses,
          minmay_shallow_snake_nest, uniq_jessica
D:3:      layout_loops_cross, nemelex_spade_bored_becter, uniq_ijyb,
          uniq_grinder
D:4:      layout_basic, temple_green, gup_sewer_entry_pipe,
          mrwooster_statue_mirror
D:5:      layout_loops_ring, nicolae_overflow_hidden_temple,
          serial_bayou_pond_e, uniq_eustachio
D:6:      layout_loops_cross, minmay_diced_spiral, uniq_sigmund,
          uniq_prince_ribbit1, uniq_blork_the_orc, uniq_crazy_yiuf_cottage
D:7:      gammafunk_cloud_chamber, layout_basic, tgw_kikubaaqudgha,
          enter_bailey_5
Temple:   bh_familiar_temple
Bailey:   bailey_polearm_gnolls_kennysheep, bailey

Skill      XL: |  1  2  3  4  5  6  7  8  9 |
---------------+----------------------------+-----
Throwing       | 2 3 4 5 |  5.2
Armour         | 1 2 3 4 5 |  5.8
Axes           | 3 4 5 |  5.7
Evocations     | 1 2 3 4 |  4.8
Fighting       | 3 4 5 6 |  6.3
Dodging        | 3 4 5 |  5.2

Action                   |  1- 3 |  4- 6 |  7- 9 || total
-------------------------+-------+-------+-------++-------
Melee: War axe           |    68 |    97 |   245 ||   410
       Punch             |     2 |       |     2 ||     4
Throw: Throwing net      |     2 |     2 |     1 ||     5
       Stone             |       |    16 |    13 ||    29
       Dart              |       |     3 |     4 ||     7
Evoke: Wand              |       |       |    20 ||    20
  Use: Scroll            |       |     4 |     7 ||    11
       Potion            |       |       |     1 ||     1
 Stab: Distracted        |       |       |     1 ||     1
Armor: Leather armour    |    29 |       |       ||    29
       Chain mail        |     5 |    66 |       ||    71
       Scale mail        |       |    24 |   171 ||   195
Dodge: Dodged            |    46 |    61 |   212 ||   319
